Map: Ascension to Aiur LE

Players

Cattivik

  • Race: Terran Terran
  • Spawn Location: 5:00

Valderg - Winner!

  • Race: Zerg Zerg
  • League: Silver
  • Spawn Location: 11:00

VOD

Have the link to the VOD?

Description

Time

  • Played on: Nov. 15, 2017, 6:47 p.m.
  • Length: 19:33
Show
View Real Time Build Order
Export as new Build Order

Cattivik Terran 

Build Orders:  

Get SALT Encoding   

  12  0:01  SCV  
  13  0:13  SCV  
  14  0:17  Supply Depot  
  14  0:25  SCV  
  15  0:39  SCV  
  15  0:42  Barracks  
  16  0:47  Refinery  
  16  0:51  SCV  
  17  1:03  SCV  
  18  1:15  SCV  
  19  1:29  Orbital Command  
  19  1:30  Barracks Reactor  
  19  1:47  Command Center  
  19  1:58  SCV  
  20  2:06  Barracks  
  20  2:11  SCV  
  20  2:13  Supply Depot  
  21  2:16  Marine  
  22  2:23  SCV  
  23  2:34  Marine x2  
  23  2:35  SCV  
  25  2:47  SCV  
  26  2:56  Barracks Tech Lab  
  26  2:59  SCV  
  27  3:06  Barracks  
  27  3:07  Marine x2  
  27  3:10  Orbital Command  
  29  3:16  Marine  
  29  3:18  Stimpack  
  30  3:21  SCV  
  31  3:29  Refinery  
  31  3:31  Marine x2  
  31  3:33  SCV  
  34  3:39  SCV  
  35  3:45  SCV  
  35  3:46  Marine  
  37  3:52  Marine  
  37  3:53  Marine  
  39  3:56  Barracks Reactor  
  39  4:00  Factory  
  39  4:02  SCV x2  
  41  4:13  Supply Depot  
  41  4:14  Supply Depot, SCV x2  
  41  4:16  Marine x2  
  45  4:19  Marine  
  46  4:35  SCV x2  
  46  4:37  Supply Depot  
  48  4:39  Supply Depot  
  48  4:50  Factory Reactor  
  48  4:53  Starport  
  37  5:02  Supply Depot  
  37  5:10  SCV x2  
  39  5:22  SCV x2  
  41  5:29  Marine x4  
  41  5:30  Marine  
  46  5:41  SCV x2  
  48  5:44  Factory Tech Lab  
  48  5:46  Marine  
  48  5:47  Medivac x2, Marine  
  54  5:50  Marine x3  
  54  5:53  SCV  
  54  5:54  SCV  
  58  6:05  SCV, Marine x2  
  58  6:06  SCV  
  58  6:07  Marine  
  63  6:11  Refinery  
  63  6:14  Marine x2  
  63  6:17  Siege Tank  
  68  6:22  Medivac x2  
  68  6:23  Marine  
  73  6:49  Marine x5  
  73  6:52  Siege Tank  
  81  6:57  SCV x2  
  83  7:06  Refinery, Marine  
  83  7:08  Marauder  
  86  7:09  SCV x2  
  79  7:15  Marine x2  
  79  7:16  Marine  
  79  7:21  SCV x2  
  84  7:24  Marine  
  85  7:33  Marine  
  86  7:57  Supply Depot  
  86  7:58  Supply Depot  
  86  8:00  Supply Depot  
  86  8:18  Medivac x2, SCV, Siege Tank  
  86  8:19  Marine x4  
  94  8:20  Supply Depot, SCV, Marauder  
  94  8:25  Supply Depot  
  94  8:26  Supply Depot  
  101  8:30  SCV  
  101  8:32  SCV  
  103  8:37  Marine x4  
  103  8:41  Marine  
  107  8:42  SCV  
  107  8:44  SCV  
  107  8:45  Supply Depot  
  107  8:48  Medivac  
  110  8:49  Supply Depot  
  110  8:50  Siege Tank  
  110  8:53  Supply Depot  
  110  8:55  SCV, Marine x2  
  118  8:59  Marauder  
  118  9:00  Marine x2  
  118  9:09  Supply Depot  
  118  9:13  Marine x2  
  120  9:17  Marine  
  120  9:18  Marine  
  120  9:19  Supply Depot  
  120  9:21  Marauder  
  120  9:22  Siege Tank  
  120  9:23  Supply Depot  
  127  9:25  Supply Depot, SCV  
  127  9:28  Supply Depot  
  127  9:31  Marine x2  
  130  9:35  Medivac x2, Marine x2  
  136  9:42  Marauder  
  138  9:48  Marine x2  
  140  9:53  Marine x2  
  140  9:55  Siege Tank  
  145  10:03  Marauder, SCV x2  
  145  10:06  Marine x2  
  151  10:11  Marine x2  
  143  10:15  SCV  
  113  10:57  Marine x5  
  113  11:01  Siege Tank  
  113  11:03  Medivac  
  113  11:15  Marine x4  
  113  11:16  Marauder  
  119  11:33  Siege Tank  
  119  11:37  Marauder  
  124  11:43  Supply Depot x2, Marine x3  
  124  11:44  Marine  
  124  11:47  Supply Depot  
  128  11:48  Supply Depot  
  128  11:50  Supply Depot  
  128  11:59  Marauder  
  128  12:01  Marine x4  
  131  12:05  Siege Tank  
  137  12:20  Marauder  
  139  12:37  Siege Tank  
  142  12:45  Marine  
  142  12:46  Marine x4  
  139  13:03  Marine x2  
  139  13:04  Marauder, Marine  
  111  13:26  Marauder  
  98  13:31  SCV x2  
  100  13:38  Marine x4  
  104  13:43  SCV x2  
  104  13:47  Marauder  
  108  13:54  Siege Tank  
  108  13:55  SCV x2, Marine  
  113  13:56  Marine x3  
  117  14:07  SCV x2  
  117  14:09  Marauder  
  121  14:13  Marine x3  
  124  14:19  SCV x2  
  126  14:27  Marine  
  126  14:28  Medivac  
  126  14:29  Medivac  
  126  14:30  Marauder  
  122  14:31  Marine x3  
  122  14:45  Marine  
  123  14:49  Marine x3  
  123  14:51  Marauder  
  127  15:02  Marine  
  124  15:11  Marine x3  
  124  15:13  Marauder  
  126  15:20  Marine  
  125  15:29  Marine x2  
  125  15:34  Marauder  
  125  15:42  Marine x2  
  119  15:46  Marine x2  
  118  15:56  Marauder  
  117  16:20  Marine  
  117  16:21  Marine x4  
  117  16:24  Medivac  
  112  16:38  Marine x2  
  111  16:40  Marine  
  111  16:41  Marine x2  
  104  16:56  Marine x2  
  104  16:58  Marine  
  107  17:31  Marine x5  
  112  17:41  Orbital Command  
  112  17:55  Marine x4  
  76  18:09  Marine  
  50  18:13  Marine  
  51  18:25  Marine x2  
  48  18:48  Marine x3  
Show
View Real Time Build Order
Export as new Build Order

Valderg Zerg - Winner!

Build Orders: Hatch First, Muta Ling Bane 

Get SALT Encoding   

  12  0:01  Drone  
  13  0:13  Overlord  
  13  0:19  Drone  
  14  0:32  Drone  
  14  0:33  Drone  
  16  0:45  Drone  
  17  0:53  Hatchery  
  16  0:58  Drone  
  17  1:12  Extractor  
  17  1:15  Spawning Pool  
  15  1:20  Overlord  
  15  1:28  Drone x2  
  17  2:08  Queen x2  
  17  2:11  Zergling x2  
  17  2:12  Zergling x6  
  25  2:17  Drone  
  26  2:23  Drone  
  26  2:25  Metabolic Boost  
  26  2:28  Drone  
  28  2:52  Drone x2  
  30  2:59  Evolution Chamber  
  30  3:00  Drone  
  30  3:01  Baneling Nest  
  30  3:02  Drone x3  
  32  3:13  Drone x2  
  32  3:18  Extractor  
  33  3:24  Lair  
  34  3:41  Drone x3  
  34  3:42  Overlord x2  
  36  4:01  Baneling x3  
  36  4:02  Baneling  
  36  4:15  Drone x3  
  36  4:16  Drone x4  
  43  4:21  Drone x3  
  45  4:42  Pneumatized Carapace  
  44  4:51  Drone x4  
  46  5:03  Overlord  
  46  5:04  Overlord x2  
  46  5:12  Overlord  
  46  5:13  Overlord  
  46  5:21  Roach Warren  
  45  5:29  Zergling x2  
  45  5:30  Zergling x8  
  50  5:53  Centrifical Hooks, Zerg Melee Weapons Level 1  
  50  6:08  Zergling x2  
  50  6:09  Zergling x10  
  50  6:10  Hatchery, Zergling x8  
  59  6:16  Hatchery  
  58  6:28  Zergling x6  
  58  6:29  Zergling x6  
  64  6:34  Baneling  
  64  6:35  Baneling x3  
  64  6:41  Queen x2  
  68  6:50  Drone x4  
  69  7:20  Zergling x8  
  69  7:21  Zergling x2  
  74  7:34  Queen  
  74  7:35  Queen  
  78  7:47  Zerg Ground Armor Level 1  
  78  7:57  Spire  
  77  7:58  Infestation Pit  
  77  8:01  Drone x4  
  70  8:22  Baneling  
  70  8:23  Baneling x5  
  70  8:24  Baneling x11  
  70  8:26  Zergling x2  
  70  8:27  Zergling x22  
  82  8:37  Spore Crawler  
  82  8:40  Spore Crawler  
  80  8:44  Extractor  
  80  8:47  Extractor x2, Drone  
  80  8:48  Drone x9  
  83  8:59  Zergling x2  
  83  9:00  Zergling x8  
  84  9:14  Mutalisk x3  
  90  9:22  Drone x6  
  96  9:26  Overlord x3  
  96  9:33  Baneling x5  
  96  9:44  Drone x2  
  96  9:45  Drone x5  
  102  9:46  Drone x3  
  102  9:49  Baneling x3  
  102  9:50  Baneling x4  
  106  9:56  Zergling x8  
  106  9:57  Zergling x16  
  118  10:00  Baneling x4  
  118  10:01  Baneling  
  118  10:15  Hive  
  101  10:30  Zergling x4  
  101  10:31  Zergling x14  
  101  10:35  Baneling x3  
  103  10:36  Baneling x6  
  100  10:45  Zergling x4  
  98  11:01  Drone x3  
  95  11:07  Zergling x16  
  95  11:08  Zergling x12  
  95  11:10  Queen x3  
  111  11:16  Overseer x3  
  111  11:23  Mutalisk  
  111  11:24  Mutalisk x2  
  117  11:28  Zerg Flyer Weapons Level 1  
  117  11:36  Drone x2  
  117  11:37  Drone  
  120  11:43  Extractor x2  
  118  11:51  Hatchery  
  117  11:54  Mutalisk  
  117  11:56  Overlord  
  117  11:57  Overlord x6  
  117  11:58  Overlord x2  
  119  12:16  Zergling x2  
  119  12:17  Zergling x32  
  136  12:38  Baneling x11  
  136  12:39  Baneling x18  
  136  13:03  Drone x3  
  136  13:04  Drone x2  
  91  13:22  Zerg Flyer Armor Level 1  
  91  13:26  Zergling x22  
  91  13:27  Zergling x6  
  99  13:42  Zergling x2  
  99  13:43  Mutalisk x6, Zergling x14  
  99  13:44  Mutalisk  
  121  13:49  Hatchery  
  121  13:52  Zerg Melee Weapons Level 2, Ultralisk Cavern  
  111  14:12  Baneling x3  
  111  14:13  Baneling  
  104  14:22  Zergling x20  
  104  14:23  Zergling x26  
  113  14:31  Zergling x2  
  113  14:32  Zergling x18  
  116  14:41  Zergling x10  
  113  14:53  Baneling x4  
  94  15:00  Zergling x2  
  94  15:01  Zergling x18  
  86  15:19  Zergling x2  
  86  15:20  Zergling x12  
  81  15:41  Zergling x16  
  81  15:46  Zergling x2  
  71  15:55  Zergling x8  
  69  16:04  Overseer  
  69  16:06  Baneling x2  
  69  16:07  Baneling x7  
  69  16:08  Baneling  
  64  16:18  Zergling x2  
  64  16:19  Zergling x14  
  64  16:20  Zergling x2  
  64  16:21  Ultralisk  
  70  16:26  Zergling x2  
  70  16:27  Zergling x2  
  70  16:35  Ultralisk x2  
  70  16:36  Ultralisk  
  84  16:45  Zergling x2  
  84  16:46  Zergling x6  
  86  16:50  Queen x3  
  86  16:51  Queen  
  86  16:52  Ultralisk  
  86  16:53  Ultralisk  
  106  16:55  Hatchery  
  106  16:56  Ultralisk  
  106  16:57  Ultralisk  
  106  17:00  Zergling x2  
  118  17:14  Hatchery  
  117  17:20  Hatchery  
  116  17:23  Ultralisk  
  116  17:24  Zergling x2  
  123  17:48  Greater Spire  
  123  17:53  Zergling x12  
  123  17:57  Baneling x3  
  116  18:09  Zergling x4  
  116  18:10  Zergling x4  
  120  18:15  Zergling x2  
  120  18:16  Zergling x2  
  122  18:21  Zergling x2  
  120  18:51  Ultralisk  
  128  19:08  Zergling x2  
  128  19:09  Zergling x16  
Tags
 
Composition
Muta Ling Bane
League
Silver
Matchup
TvZ
Spawn Locations
Cross Positions
Add a new tag
Caveats
  • Supply blocks, unpowered buildings, or Contaminate may cause inaccurate times.
  • Supply counts are checked every 10 seconds.